 Dungeon Sprint DCSS version 0.23-a0-80-gc95c2c7 (webtiles) character file.

3163 Kidiri the Thaumaturge (level 9, -3/58 (59) HPs)
             Began as a Deep Elf Fire Elementalist on Aug 12, 2018.
             Was a Priest of Vehumet.
             Killed from afar by a killer bee (41 damage)
             ... with an exploding inner flame
             ... hexed by the player character
             ... in the Dungeon (Sprint III: "The Ten Rune Challenge").
             The game lasted 00:12:31 (1653 turns).

Kidiri the Thaumaturge (Deep Elf Fire Elementalist) Turns: 1653, Time: 00:12:31

HP:   -3/58 (59)    AC:  3    Str:  5    XL:     9   Next: 63%
MP:   20/29         EV: 18    Int: 24    God:    Vehumet [***...]
Gold: 27            SH:  0    Dex: 17    Spells: 9/36 levels left

rFire    . . .     SeeInvis .   b - +0 dagger
rCold    . . .     Gourm    .   (no shield)
rNeg     . . .     Faith    .   a - +0 robe
rPois    .         Spirit   .   (helmet restricted)
rElec    .         Reflect  .   j - +0 cloak {+Inv}
rCorr    .         Harm     .   (no gloves)
MR       .....     NoTele   +   (no boots)
Stlth    +.........             (no amulet)
HPRegen  0.19/turn              (no ring)
MPRegen  0.21/turn              (no ring)

@: confused, lethally poisoned (-3 -> -5)
A: horns 1, agile 1, robust 1, wild magic 1
a: Renounce Religion, Evoke Invisibility


You were in the Dungeon.
You worshipped Vehumet.
Vehumet was most pleased with you.
You were not hungry.

You visited 1 branch You collected 27 gold pieces.

Inventory:

Hand Weapons
 b - a +0 dagger (weapon)
Armour
 a - a +0 robe (worn)
 j - a +0 cloak of invisibility (worn)
Wands
 u - a wand of random effects (38)
Scrolls
 i - a scroll of blinking
 k - a scroll of holy word
 m - a scroll of remove curse {unknown}
 n - a scroll of torment {unknown}
Potions
 d - 4 potions of curing
 e - a potion of heal wounds
 f - a potion of haste
 g - 3 potions of magic
 h - a potion of berserk rage
 p - a potion of lignification
 q - 2 potions of flight
 r - 2 potions of mutation
 t - 2 potions of might
Comestibles
 c - 3 rations


   Skills:
 + Level 5.0 Fighting
 + Level 6.0 Short Blades
 + Level 5.0 Armour
 + Level 7.9 Dodging
 - Level 2.4 Stealth
 * Level 14.4 Spellcasting
 + Level 8.9 Conjurations
 + Level 9.5 Fire Magic
 + Level 6.1 Air Magic
 + Level 4.7 Earth Magic
 + Level 6.6 Poison Magic


You had 9 spell levels left.
You knew the following spells:

 Your Spells              Type           Power        Failure   Level  Hunger
a - Flame Tongue          Conj/Fire      #####        1%          1    None
b - Throw Flame           Conj/Fire      ######       1%          2    None
c - Conjure Flame         Conj/Fire      ######..     1%          3    None
d - Inner Flame           Hex/Fire       ######..     1%          3    None
e - Sticky Flame          Conj/Fire      ######..     1%          4    None
f - Fireball              Conj/Fire      ######....   1%          5    ##.....
g - Mephitic Cloud        Conj/Pois/Air  ######..     1%          3    None
h - Sandblast             Erth           ######       1%          1    None
i - Searing Ray           Conj           ######       1%          2    None
j - Stone Arrow           Conj/Erth      ######       1%          3    None

Your spell library contained the following spells:

 Spells                   Type           Power        Failure   Level  Hunger
 Magic Dart               Conj           ####         1%          1    None
 Slow                     Hex            ###.....     8%          2    None
 Confuse                  Hex            ###.....     14%         3    None
 Blink                    Tloc           N/A          8%          2    None
 Call Imp                 Summ           ###.....     8%          2    None
 Confusing Touch          Hex            ###...       5%          1    None
 Metabolic Englaciation   Hex/Ice        ###.......   75%         5    ##.....
 Petrify                  Tmut/Erth      #####...     19%         4    None
 Gell's Gravitas          Tloc           ###.......   14%         3    None
 Yara's Violent Unravell  Hex/Tmut       ###.......   28%         5    ##.....


Dungeon Overview and Level Annotations

Branches:
Dungeon (1/1)

Altars:
Cheibriados
Dithmenos
Elyvilon
Fedhas
Gozag
Hepliaklqana
Kikubaaqudgha
Makhleb
Nemelex Xobeh
Okawaru
Qazlal
Ru
Sif Muna
Trog
Uskayaw
Vehumet
Wu Jian
Xom
Yredelemnul
Zin
The Shining One
Beogh
Jiyva
Lugonu

Annotations:
D exclusion: door


Innate Abilities, Weirdness & Mutations

You have a pair of small horns on your head.
You are agile. (Dex +2)
You are robust. (+10% HP)
Your spells are a little harder to cast, but a little more powerful.


Message History

The killer bee is almost dead.
The stinking cloud engulfs you!
The stinking cloud engulfs the killer bee.
You are engulfed in noxious fumes.
You choke on the stench!
You are confused.
You feel sick.
You hear an angry buzzing noise. x3
The killer bee is engulfed in noxious fumes.
The killer bee appears confused.
The killer bee stings the killer bee.
The killer bee is engulfed in noxious fumes.
The killer bee appears confused.
The killer bee is engulfed in noxious fumes.
The killer bee appears confused.
You hear an angry buzzing noise. x3
Unknown command.
You hit the killer bee.
The killer bee explodes!
The fiery explosion engulfs you!
Ouch! That really hurt!
You die...

,,,,,,,**,*,,,**≈≈≈≈**,,**,**,,,,
,,,,,,,**,*,,,≈≈≈,,,,,,,,*,**,,,,
,,,,,,*,*,*,,,**≈≈≈≈**,,**,**,,,,
∩*,*,,,**,+,,,**,,,,+,,,,,,**,,,,
***,,************************,,,,
##########################***,,,,
≈§§§§#.'(.)+.#.#.#yyyyyy≈#,**,,,,
§§≈#§#.#.).##.#.#§##.yy≈≈#*******
§§.#§#.#.).#.#.#@#.#,yyyy≈≈**,,,,
§§.#...#...##.#.#.##,,yy≈≈≈**,***
▓▓▓▓▓▓▓▓▓▓▓#.#.#.#.#,,,yyy,**,,,,
,,,,,≈≈≈,,,##.#.#.##,,,,yy,******
≈≈≈≈≈≈≈**,,+.#.#.#.#,,,,,.,**,,,,
*********,,##.#.#.##*************
****#+#####**********,,,,
************,,,+,≈≈≈≈**≈,≈≈≈**,,,
≈≈≈≈≈≈,,*,,*,,,*,≈≈≈≈*,,≈*≈≈*,,,,


You could see 2 killer bees.

Vanquished Creatures
  A centaur warrior (D)
  Erica (D)
  An unseen horror (D)
  A deep elf mage (D)
  A shadow (D)
  A spatial vortex (D)
  2 centaurs (D)
  A necrophage (D)
  An earth elemental (D)
  A water elemental (D)
  A jelly (D)
  Crazy Yiuf (D)
  A wizard (D)
  A necromancer (D)
  3 humans (D)
  A kobold demonologist (D)
  An ooze (D)
  3 rats (D)
23 creatures vanquished.

Vanquished Creatures (others)
  2 draconian scorchers (D)
  3 yaktaurs (D)
  6 hellions (D)
11 creatures vanquished.

Grand Total: 34 creatures vanquished

Notes
Turn   | Place    | Note
-------+----------+-------------------------------------------
     0 | D        | Kidiri the Deep Elf Fire Elementalist began the quest for the Orb.
     0 | D        | Reached XP level 1. HP: 10/10 MP: 6/6
     3 | D        | Reached skill level 4 in Spellcasting
    12 | D        | Killed a yaktaur
    91 | D        | Killed a hellion
    96 | D        | Killed a hellion
   127 | D        | Noticed Crazy Yiuf
   131 | D        | Killed a hellion
   134 | D        | Killed Crazy Yiuf
   134 | D        | Reached skill level 6 in Spellcasting
   134 | D        | Reached XP level 2. HP: 15/15 MP: 5/11
   134 | D        | Reached XP level 3. HP: 19/19 MP: 5/13
   138 | D        | Learned a level 2 spell: Throw Flame
   142 | D        | Learned a level 3 spell: Conjure Flame
   146 | D        | Learned a level 3 spell: Inner Flame
   176 | D        | Killed a white draconian scorcher
   179 | D        | Killed a hellion
   179 | D        | Killed a hellion
   217 | D        | Reached skill level 7 in Spellcasting
   217 | D        | Reached skill level 5 in Fire Magic
   225 | D        | Killed a hellion
   267 | D        | Killed a white draconian scorcher
   337 | D        | Killed a yaktaur
   354 | D        | Noticed a water elemental
   357 | D        | Killed a water elemental
   357 | D        | Reached skill level 9 in Spellcasting
   357 | D        | Reached skill level 5 in Conjurations
   357 | D        | Reached XP level 4. HP: 24/24 MP: 7/17
   364 | D        | Learned a level 4 spell: Sticky Flame
   420 | D        | Found a radiant altar of Vehumet.
   421 | D        | Found a deep blue altar of Sif Muna.
   421 | D        | Found an ancient bone altar of Kikubaaqudgha.
   421 | D        | Noticed a wizard
   423 | D        | Killed a wizard
   423 | D        | Reached XP level 5. HP: 28/28 MP: 14/19
   425 | D        | Reached skill level 10 in Spellcasting
   433 | D        | Became a worshipper of Vehumet
   440 | D        | Learned a level 5 spell: Fireball
   444 | D        | Learned a level 3 spell: Mephitic Cloud
   485 | D        | Found a glowing silver altar of Zin.
   486 | D        | Found a glowing golden altar of the Shining One.
   486 | D        | Found a white marble altar of Elyvilon.
   486 | D        | Noticed a deep elf mage
   491 | D        | Killed a deep elf mage
   491 | D        | Reached skill level 11 in Spellcasting
   491 | D        | Reached XP level 6. HP: 36/36 MP: 9/22
   491 | D        | Reached XP level 7. HP: 40/40 MP: 9/24
   568 | D        | Found a hide-covered altar of Uskayaw.
   568 | D        | Found a roughly hewn altar of Beogh.
   568 | D        | Found an iron altar of Okawaru.
   568 | D        | Found a bloodstained altar of Trog.
   568 | D        | Found an ornate altar of the Wu Jian Council.
   568 | D        | Noticed a human
   568 | D        | Noticed a human
   573 | D        | Killed a human
   573 | D        | Reached skill level 5 in Dodging
   573 | D        | Reached skill level 12 in Spellcasting
   575 | D        | Killed a human
   575 | D        | Reached * piety under Vehumet
   575 | D        | Offered knowledge of Sandblast by Vehumet.
   662 | D        | Learned a level 1 spell: Sandblast
   663 | D        | Found a basalt altar of Yredelemnul.
   663 | D        | Found a shadowy altar of Dithmenos.
   663 | D        | Found a sacrificial altar of Ru.
   959 | D        | Noticed a shadow
   963 | D        | Killed a shadow
   963 | D        | Offered knowledge of Searing Ray by Vehumet.
   963 | D        | Reached ** piety under Vehumet
   963 | D        | Reached skill level 1 in Earth Magic
   963 | D        | Reached XP level 8. HP: 45/45 MP: 16/26
   998 | D        | Found a blossoming altar of Fedhas.
   998 | D        | Found a stormy altar of Qazlal.
   999 | D        | Found a snail-covered altar of Cheibriados.
   999 | D        | Found a burning altar of Makhleb.
   999 | D        | Found a hazy altar of Hepliaklqana.
   999 | D        | Found a shimmering altar of Xom.
   999 | D        | Found an opulent altar of Gozag.
   999 | D        | Found a sparkling altar of Nemelex Xobeh.
   999 | D        | Found a corrupted altar of Lugonu.
   999 | D        | Found a viscous altar of Jiyva.
  1132 | D        | Learned a level 2 spell: Searing Ray
  1136 | D        | Noticed Erica
  1138 | D        | Killed Erica
  1138 | D        | Reached skill level 5 in Short Blades
  1138 | D        | Reached skill level 13 in Spellcasting
  1138 | D        | Reached skill level 5 in Air Magic
  1138 | D        | Reached skill level 5 in Poison Magic
  1258 | D        | Offered knowledge of Static Discharge by Vehumet.
  1300 | D        | Noticed a centaur warrior
  1310 | D        | Reached *** piety under Vehumet
  1310 | D        | Reached XP level 9. HP: 37/51 MP: 4/28
  1310 | D        | Killed a centaur warrior
  1310 | D        | Reached skill level 14 in Spellcasting
  1464 | D        | Noticed an unseen horror
  1466 | D        | Killed an unseen horror
  1466 | D        | Offered knowledge of Stone Arrow by Vehumet.
  1466 | D        | Reached skill level 5 in Fighting
  1466 | D        | Reached skill level 5 in Armour
  1471 | D        | Learned a level 3 spell: Stone Arrow
  1557 | D        | Killed a yaktaur
  1641 | D        | Gained mutation: You are surrounded by a mild repulsion field. (EV +2) [potion of mutation]
  1641 | D        | Gained mutation: You are agile. (Dex +2) [potion of mutation]
  1642 | D        | Lost mutation: You are agile. (Dex +2) [potion of mutation]
  1642 | D        | Lost mutation: You are surrounded by a mild repulsion field. (EV +2) [potion of mutation]
  1642 | D        | Gained mutation: You are agile. (Dex +2) [potion of mutation]
  1642 | D        | Gained mutation: Your spells are a little harder to cast, but a little more powerful. [potion of mutation]
  1642 | D        | Gained mutation: You have a pair of small horns on your head. [potion of mutation]
  1642 | D        | Gained mutation: You are robust. (+10% HP) [potion of mutation]
  1649 | D        | Noticed a queen bee
  1653 | D        | Killed from afar by a killer bee

Vault maps used:
D:        dungeon_sprint_mu

Skill      XL: |  1  2  3  4  5  6  7  8  9 |
---------------+----------------------------+-----
Spellcasting   | 6 9 11 12 13 14 | 14.4
Conjurations   | 3 5 6 7 8 |  8.9
Fire Magic     | 4 6 7 8 9 |  9.5
Fighting       | 2 3 4 5 |  5.0
Short Blades   | 3 4 5 6 |  6.0
Armour         | 2 3 4 5 |  5.0
Dodging        | 4 6 7 |  7.9
Air Magic      | 3 4 5 6 |  6.1
Poison Magic   | 3 4 5 6 |  6.6
Earth Magic    | 1 3 4 |  4.7
Stealth        | |  2.4

Action                   |  1- 3 |  4- 6 |  7- 9 || total
-------------------------+-------+-------+-------++-------
Melee: Dagger            |       |       |     1 ||     1
 Cast: Flame Tongue      |    19 |     4 |    32 ||    55
       Conjure Flame     |     2 |       |     3 ||     5
       Throw Flame       |     1 |       |       ||     1
       Sticky Flame      |       |     3 |     6 ||     9
       Mephitic Cloud    |       |     1 |     3 ||     4
       Fireball          |       |       |     6 ||     6
       Inner Flame       |       |       |     5 ||     5
       Searing Ray       |       |       |     4 ||     4
  Use: Scroll            |       |       |     4 ||     4
       Potion            |       |       |     2 ||     2
  Eat: Ration            |       |       |     1 ||     1
Armor: Robe              |       |     1 |     2 ||     3
Dodge: Dodged            |       |     3 |    10 ||    13

Table legend:
 A = Non-vault XP
 B = Vault XP
 C = Vault XP percentage of total XP
 D = Non-vault monster count
 E = Vault monster count
 F = Vault count percentage of total count
 G = Total turns spent on level
                 A         B        C        D         E       F
            +---------+---------+-------+---------+---------+-------
      Total |       0 |    4519 | 100.0 |       0 |      23 | 100.0
            +---------+---------+-------+---------+---------+-------
          D |       0 |    4519 | 100.0 |       0 |      23 | 100.0
            +---------+---------+-------+---------+---------+-------
